 Dungeon Crawl Stone Soup version 0.31-a0-174-g85c54bcb58 (webtiles) character file.

Game seed: 14167397206192062711

365 qw the Shooter (level 6, -1/58 HPs)
             Began as a Naga Hunter on June 15, 2023.
             Slain by Dowan
             ... wielding a +0 dagger
              (3 damage)
             ... on level 4 of the Dungeon.
             The game lasted 00:01:18 (3400 turns).

qw the Shooter (Naga Hunter)                        Turns: 3400, Time: 00:01:18

Health: -1/58      AC:  8    Str: 14    XL:     6   Next: 68%
Magic:  6/6        EV:  9    Int:  9    God:
Gold:   106        SH:  0    Dex: 16    Spells: 5/5 levels left

rFire   . . .        Y - +1 shortbow
rCold   . . .        (shield currently unavailable)
rNeg    . . .        c - +0 leather armour
rPois   +            m - +0 helmet
rElec   .            (no cloak)
rCorr   .            (no gloves)
SInv    +            (no barding)
Will    +....        (no amulet)
Stlth   ++           g - ring of willpower
HPRegen 0.29/turn    j - +4 ring of protection
MPRegen 0.10/turn

%: no passive effects
@: short of breath, very slow
A: AC +2, large, see invisible, deformed body, poison resistance, slowness 2,
spit poison 1, naga tail 1
a: Spit Poison


You were on level 4 of the Dungeon.
You visited 1 branch of the dungeon, and saw 4 of its levels.

You collected 106 gold pieces.


Innate Abilities, Weirdness & Mutations

Your serpentine skin is tough. (AC +2)
You have supernaturally acute eyesight. (SInv)
Armour fits poorly on your strangely shaped body.
Your system is resistant to poisons. (rPois)
You cover ground very slowly.
You can spit poison.
You have a snake-like lower body.


   Skills:
 - Level 4.4 Fighting
 + Level 6.0 Ranged Weapons
 - Level 1.5 Dodging
 - Level 1.5 Stealth


You had 5 spell levels left.
You didn't know any spells.
Your spell library was empty.

Inventory:

Hand Weapons
 Y - a +1 shortbow (weapon)
Armour
 a - the +1 robe "Forget-Me-Not" {Contam rF++ Dex+4}
   (You took it off an orc on level 4 of the Dungeon)

   Dex:       It affects your dexterity (+4).
   rF:        It greatly protects you from fire.
   Contam:    It causes magical contamination when unequipped.
 c - a +0 leather armour (worn)
 e - a +1 barding
 m - a +0 helmet (worn)
Jewellery
 g - a ring of willpower (left hand)
 j - a +4 ring of protection (right hand)
Scrolls
 h - 2 scrolls of identify
Potions
 b - a potion of mutation
 d - a potion of curing
 f - 2 potions of might
 i - a potion of resistance {unknown}
 o - a potion of cancellation

Dungeon Overview and Level Annotations

Branches:
Dungeon (4/15)
 Temple: D:4-7

Altars:
Fedhas
Yredelemnul

Annotations:
D:4 exclusion: 4 gnolls, Dowan


Message History

You shoot an arrow.
The arrow hits Duvessa but does no damage.
Duvessa is severely wounded.
Duvessa hits you but does no damage. Dowan hits you but does no damage.
You shoot an arrow. The arrow hits Duvessa.
Duvessa is severely wounded.
You have got your breath back.
Duvessa hits you with a +0 short sword! Duvessa hits you with a +0 short sword.
Dowan closely misses you.
3396 ||| INVOKING Spit Poison.
Aiming: Spit Poison (1% risk of failure)
Press: ? - help, Shift-Dir - straight line, f/p - Duvessa The splash of poison hits Duvessa but does no damage.
Duvessa is severely wounded.
Duvessa hits you with a +0 short sword. Dowan hits you but does no damage.
Duvessa hits you but does no damage.
You shoot an arrow.
The arrow hits Duvessa but does no damage.
Duvessa is almost dead.
Duvessa hits you with a +0 short sword. Dowan hits you but does no damage.
You shoot an arrow. The arrow hits Duvessa.
Duvessa is almost dead.
You have got your breath back.
Duvessa says, "When magic and the sword combine, nothing stands against them."
Duvessa hits you but does no damage.
Dowan points at you and mumbles some strange words.
The puff of frost misses you. Duvessa hits you but does no damage.
3399 ||| INVOKING Spit Poison.
Aiming: Spit Poison (1% risk of failure)
Press: ? - help, Shift-Dir - straight line, f/p - Duvessa The splash of poison hits Duvessa.
Duvessa looks even sicker.
Duvessa is almost dead.
Duvessa hits you with a +0 short sword! Dowan barely misses you.
Duvessa hits you with a +0 short sword!
You shoot an arrow. The arrow barely misses Duvessa.
You kill Duvessa!
Dowan screams, "No!
No!"
Dowan seems to find hidden reserves of power!
Dowan hits you but does no damage. Dowan hits you with a +0 dagger.
You die...

..# #. #.# #### #. ##.# ### ..#
#. #####...#...## #.# #.
#....#.#.###.### ##.## #.
#.#............. ##.#.## ##.
#.##.#.#.###.###
####.###.#####..##..##...#...##
....## ##.##...)@.....#.######
.###.###.###.##e#####.#.# .#
##.#......#.. #...# .#
##.####..#.. #.### 7# #.# #.#..
#.# 7#####.# #.#.. #.#
.......#####.#}8 #.###
7######......########.... .#
#.####..........##


You could see Dowan (fast).

Vanquished Creatures
  Duvessa (D:4)
  A scorpion (D:4)
  2 iguanas
  An orc wizard (D:2)
  2 hound zombies (D:4)
  5 adders
  4 gnolls (D:4)
  2 ufetubi (D:4)
  2 adder zombies (D:4)
  3 worms
  3 dart slugs
  9 orcs
  3 bats (D:2)
  5 endoplasms
  5 giant cockroaches
  3 goblins
  8 hobgoblins
  5 jackals
  6 kobolds
  3 quokkas
  4 ball pythons
  4 frilled lizards
  6 rats
87 creatures vanquished.

Notes
Turn   | Place    | Note
-------+----------+-------------------------------------------
     0 | D:1      | qw the Naga Hunter began the quest for the Orb.
     0 | D:1      | Reached XP level 1. HP: 19/19 MP: 1/1
     0 | D:1      | 0 ||| qw: Version: 0.2-a-29-g511e9b1
     0 | D:1      | 0 ||| qw: Game counter: 5192
     0 | D:1      | 0 ||| qw: Always use a shield: true
     0 | D:1      | 0 ||| qw: God list: Okawaru
     0 | D:1      | 0 ||| qw: Allow faded altars: false
     0 | D:1      | 0 ||| qw: Do Orc after D:15 true
     0 | D:1      | 0 ||| qw: Do second Lair branch before Depths: true
     0 | D:1      | 0 ||| qw: Lair rune preference: random
     0 | D:1      | 0 ||| qw: Plans: Normal
     0 | D:1      | 0 ||| PLANNING D:1-11
    40 | D:1      | 40 ||| INVOKING Spit Poison.
    55 | D:1      | 55 ||| INVOKING Spit Poison.
   164 | D:1      | 164 ||| INVOKING Spit Poison.
   201 | D:1      | Reached skill level 4 in Ranged Weapons
   201 | D:1      | Reached XP level 2. HP: 26/26 MP: 2/2
   201 | D:1      | 201 ||| INVOKING Spit Poison.
   205 | D:1      | 205 ||| INVOKING Spit Poison.
   210 | D:1      | 210 ||| INVOKING Spit Poison.
   212 | D:1      | HP: 5/26 [jackal (3)]
   213 | D:1      | 213 ||| INVOKING Spit Poison.
   360 | D:1      | 360 ||| INVOKING Spit Poison.
   364 | D:1      | 364 ||| INVOKING Spit Poison.
   368 | D:1      | 368 ||| INVOKING Spit Poison.
   520 | D:1      | 520 ||| INVOKING Spit Poison.
   597 | D:1      | 597 ||| INVOKING Spit Poison.
   601 | D:1      | 601 ||| INVOKING Spit Poison.
   694 | D:1      | 694 ||| READING scroll labelled RAADGH MUDI.
   695 | D:1      | 695 ||| READING scroll labelled BIYRRO ACWIOL.
   696 | D:1      | 696 ||| READING scroll labelled TUFISYONGI.
   697 | D:1      | 697 ||| READING scroll labelled UTHUUPUVOMM.
   698 | D:1      | 698 ||| DROPPING scroll of butterflies.
   717 | D:2      | 717 ||| INVOKING Spit Poison.
   760 | D:2      | 760 ||| INVOKING Spit Poison.
   793 | D:2      | 793 ||| INVOKING Spit Poison.
   794 | D:2      | Reached XP level 3. HP: 32/32 MP: 3/3
   882 | D:2      | 882 ||| INVOKING Spit Poison.
   923 | D:2      | 923 ||| INVOKING Spit Poison.
   931 | D:2      | 931 ||| INVOKING Spit Poison.
  1008 | D:2      | 1008 ||| INVOKING Spit Poison.
  1018 | D:2      | 1018 ||| INVOKING Spit Poison.
  1096 | D:2      | 1096 ||| INVOKING Spit Poison.
  1131 | D:2      | 1131 ||| INVOKING Spit Poison.
  1137 | D:2      | 1137 ||| INVOKING Spit Poison.
  1138 | D:2      | 1138 ||| Stepping ~*~*~tactically~*~*~ (outnumbered).
  1142 | D:2      | 1142 ||| INVOKING Spit Poison.
  1145 | D:2      | 1145 ||| INVOKING Spit Poison.
  1152 | D:2      | 1152 ||| INVOKING Spit Poison.
  1267 | D:2      | 1267 ||| INVOKING Spit Poison.
  1270 | D:2      | Reached skill level 5 in Ranged Weapons
  1270 | D:2      | Reached XP level 4. HP: 39/39 MP: 4/4
  1273 | D:2      | 1273 ||| INVOKING Spit Poison.
  1278 | D:2      | 1278 ||| INVOKING Spit Poison.
  1333 | D:2      | 1333 ||| INVOKING Spit Poison.
  1338 | D:2      | 1338 ||| INVOKING Spit Poison.
  1342 | D:2      | 1342 ||| INVOKING Spit Poison.
  1479 | D:2      | 1479 ||| INVOKING Spit Poison.
  1490 | D:2      | 1490 ||| INVOKING Spit Poison.
  1497 | D:2      | 1497 ||| INVOKING Spit Poison.
  1685 | D:2      | 1685 ||| UPGRADING to ring of willpower.
  1686 | D:2      | 1686 ||| READING scroll labelled JYOKHL DEOHUY.
  1690 | D:2      | 1690 ||| DRINKING 2 fizzy dark potions.
  1771 | D:3      | 1771 ||| INVOKING Spit Poison.
  2009 | D:3      | 2009 ||| INVOKING Spit Poison.
  2032 | D:3      | 2032 ||| INVOKING Spit Poison.
  2033 | D:3      | Reached skill level 3 in Fighting
  2037 | D:3      | 2037 ||| INVOKING Spit Poison.
  2068 | D:3      | Found a blossoming altar of Fedhas.
  2072 | D:3      | 2072 ||| INVOKING Spit Poison.
  2110 | D:3      | Reached XP level 5. HP: 49/49 MP: 5/5
  2439 | D:3      | 2439 ||| INVOKING Spit Poison.
  2480 | D:3      | 2480 ||| INVOKING Spit Poison.
  2535 | D:3      | 2535 ||| UPGRADING to +0 helmet.
  2540 | D:3      | 2540 ||| UPGRADING to +4 ring of protection.
  2541 | D:3      | 2541 ||| READING scroll labelled USOHEH OPRUCAU.
  2621 | D:3      | 2621 ||| READING scroll labelled FUKISMA DIC.
  2622 | D:3      | 2622 ||| DRINKING 2 orange potions.
  2623 | D:3      | 2623 ||| READING 5 scrolls of identify.
  2623 | D:3      | 2623 ||| IDENTIFYING yellow potion
  2624 | D:3      | 2624 ||| READING 4 scrolls of identify.
  2624 | D:3      | 2624 ||| IDENTIFYING green potion
  2625 | D:3      | 2625 ||| READING 3 scrolls of identify.
  2625 | D:3      | 2625 ||| IDENTIFYING glowing dark potion
  2626 | D:3      | 2626 ||| READING 2 scrolls of identify.
  2626 | D:3      | 2626 ||| IDENTIFYING brown potion
  2627 | D:3      | 2627 ||| DROPPING potion of lignification.
  2651 | D:4      | 2651 ||| INVOKING Spit Poison.
  2653 | D:4      | 2653 ||| STAIRDANCE
  2657 | D:3      | 2657 ||| INVOKING Spit Poison.
  2662 | D:3      | 2662 ||| INVOKING Spit Poison.
  2662 | D:3      | HP: 6/49 [orc/+0 war axe (7)]
  2663 | D:3      | 2663 ||| READING scroll of teleportation.
  2664 | D:3      | 2664 ||| DRINKING potion of heal wounds.
  2666 | D:3      | 2666 ||| INVOKING Spit Poison.
  2708 | D:3      | 2708 ||| INVOKING Spit Poison.
  2798 | D:4      | 2798 ||| INVOKING Spit Poison.
  2807 | D:4      | 2807 ||| INVOKING Spit Poison.
  2810 | D:4      | 2810 ||| Stepping ~*~*~tactically~*~*~ (outnumbered).
  2811 | D:4      | 2811 ||| INVOKING Spit Poison.
  2814 | D:4      | 2814 ||| INVOKING Spit Poison.
  2819 | D:4      | 2819 ||| READING scroll labelled GUSAGREFAMI.
  2843 | D:4      | 2843 ||| FLEEEEING.
  2844 | D:4      | 2844 ||| FLEEEEING.
  2845 | D:4      | 2845 ||| INVOKING Spit Poison.
  2846 | D:4      | 2846 ||| Stepping ~*~*~tactically~*~*~ (outnumbered).
  2849 | D:4      | 2849 ||| INVOKING Spit Poison.
  2853 | D:4      | 2853 ||| INVOKING Spit Poison.
  3022 | D:4      | Reached skill level 6 in Ranged Weapons
  3047 | D:4      | Found a basalt altar of Yredelemnul.
  3058 | D:4      | Reached XP level 6. HP: 54/56 MP: 6/6
  3061 | D:4      | 3061 ||| INVOKING Spit Poison.
  3067 | D:4      | 3067 ||| INVOKING Spit Poison.
  3120 | D:4      | 3120 ||| INVOKING Spit Poison.
  3129 | D:4      | Identified the +7 plate armour "Costret" {Stlth+}
  3227 | D:4      | Identified the +1 robe "Forget-Me-Not" {Contam rF++ Dex+4}
  3232 | D:4      | 3232 ||| INVOKING Spit Poison.
  3252 | D:4      | 3252 ||| INVOKING Spit Poison.
  3268 | D:4      | 3268 ||| INVOKING Spit Poison.
  3275 | D:4      | 3275 ||| INVOKING Spit Poison.
  3309 | D:4      | 3309 ||| INVOKING Spit Poison.
  3351 | D:4      | 3351 ||| INVOKING Spit Poison.
  3377 | D:4      | Noticed Duvessa
  3378 | D:4      | 3378 ||| INVOKING Spit Poison.
  3378 | D:4      | Noticed Dowan
  3384 | D:4      | 3384 ||| INVOKING Spit Poison.
  3390 | D:4      | 3390 ||| INVOKING Spit Poison.
  3396 | D:4      | 3396 ||| INVOKING Spit Poison.
  3399 | D:4      | 3399 ||| INVOKING Spit Poison.
  3399 | D:4      | HP: 10/58 [Duvessa/+0 short sword (7)]
  3399 | D:4      | HP: 1/58 [Duvessa/+0 short sword (9)]
  3400 | D:4      | Killed Duvessa
  3400 | D:4      | Slain by Dowan

Levels and vault maps discovered:
D:1:      lemuel_arrival_hallway, layout_basic, minmay_pentomino_s4
D:2:      layout_loops_corners, grunt_ministairs_8, minmay_circle_x
D:3:      layout_loops_corners, fedhas_altar_fruit_tree
D:4:      dreamdust_elfheim, layout_loops_ring,
          nicolae_yredelemnul_corpse_copse, minmay_misc_feat_chi

Skill      XL: |  1  2  3  4  5  6 |
---------------+-------------------+-----
Ranged Weapons | 4 5 6 |  6.0
Fighting       | 3 4 |  4.4
Dodging        | |  1.5
Stealth        | |  1.5

Action                     |  1- 3 |  4- 6 || total
---------------------------+-------+-------++-------
   Fire: Shortbow          |    55 |   153 ||   208
Ability: Spit Poison       |    28 |    41 ||    69
    Use: Scroll            |     4 |     9 ||    13
         Potion            |       |     3 ||     3
 Armour: Leather armour    |     9 |    46 ||    55
  Dodge: Dodged            |    23 |    58 ||    81

Table legend:
 A = Non-vault XP
 B = Vault XP
 C = Vault XP percentage of total XP
 D = Non-vault monster count
 E = Vault monster count
 F = Vault count percentage of total count
                 A         B        C        D         E       F
            +---------+---------+-------+---------+---------+-------
      Total |     447 |     229 |  33.9 |      71 |      16 |  18.4
            +---------+---------+-------+---------+---------+-------
        D:1 |      21 |       6 |  22.2 |      12 |       3 |  20.0
        D:2 |      86 |      18 |  17.3 |      26 |       8 |  23.5
        D:3 |      97 |       0 |   0.0 |      17 |       0 |   0.0
        D:4 |     243 |     205 |  45.8 |      16 |       5 |  23.8
            +---------+---------+-------+---------+---------+-------
